 Dungeon Crawl Stone Soup version 0.31-b1-20-g67cafac56d (webtiles) character file.

Game seed: 4098939426254826215

73259 Strat the Warrior (level 15, -11/174 HPs)
             Began as an Oni Earth Elementalist on Jan 17, 2024.
             Was an Elder of Sif Muna.
             Killed from afar by Jorgrun (30 damage)
             ... with an iron shot
             ... on level 15 of the Dungeon.
             The game lasted 01:28:48 (34215 turns).

Strat the Warrior (Oni Earth Elementalist)         Turns: 34215, Time: 01:28:48

Health: -11/174    AC: 13    Str: 16    XL:     15   Next: 42%
Magic:  30/31      EV: 14    Int: 32    God:    Sif Muna [****..]
Gold:   1615       SH:  0    Dex:  9    Spells: 2/39 levels left

rFire   . . .        b - staff of earth
rCold   + . .        (no shield)
rNeg    . . .        j - +0 acid dragon scales
rPois   .            A - +2 hat {Int+3}
rElec   .            m - +1 cloak
rCorr   +            (gloves unavailable)
SInv    .            (boots unavailable)
Will    +....        l - amulet of the acrobat
Stlth   +            M - ring of Wugid {rC+ Int+7}
HPRegen 0.49/turn    E - +5 ring of evasion
MPRegen 0.22/turn

%: acrobat
@: about to teleport, hasted, very quick
A: large, unfitting armour, horns 1, tough skin 1, double potion healing,
drunken brawling
a: Renounce Religion, Channel Magic, Forget Spell, Divine Exegesis


You were on level 15 of the Dungeon.
You worshipped Sif Muna.
Sif Muna was greatly pleased with you.
You visited 4 branches of the dungeon, and saw 23 of its levels.

You collected 2864 gold pieces.
You spent 1249 gold pieces at shops.

Inventory:

Hand Weapons
 a - a +4 halberd of freezing
Missiles
 f - 15 large rocks
 i - 2 curare-tipped darts
 o - 29 poisoned darts
Armour
 j - +0 acid dragon scales (worn)
 m - a +1 cloak (worn)
 A - a +2 hat of intelligence (worn)
Magical Staves
 b - a staff of earth (weapon)
Jewellery
 k - a ring of resist corrosion
 l - an amulet of the acrobat (around neck)
 n - a ring of wizardry
 p - an amulet of guardian spirit
 C - a ring of poison resistance
 E - a +5 ring of evasion (right hand)
 M - the ring of Wugid (left hand) {rC+ Int+7}
   (You found it on level 14 of the Dungeon)

   [ring of protection from cold]

   Int+7:     It affects your intelligence (+7).
   rC+:       It protects you from cold.
Wands
 c - a wand of mindburst (16)
 s - a wand of paralysis (18)
 v - a wand of flame (7)
 y - a wand of polymorph (10)
Scrolls
 d - 3 scrolls of fog
 g - 3 scrolls of immolation
 u - 2 scrolls of enchant weapon
 w - 3 scrolls of identify
 B - a scroll of brand weapon
 F - 4 scrolls of noise
 I - 2 scrolls of enchant armour
 K - 2 scrolls of revelation
Potions
 e - a potion of brilliance
 h - a potion of mutation
 q - 2 potions of enlightenment
 r - a potion of lignification
 t - a potion of invisibility {unknown}
 x - a potion of resistance
 D - 2 potions of haste
 G - a potion of ambrosia
Miscellaneous
 H - a sack of spiders
 L - a phantom mirror


   Skills:
 - Level 17.3 Fighting
 - Level 7.0 Armour
 - Level 1.7 Dodging
 - Level 1.4 Stealth
 + Level 12.6 Spellcasting
 - Level 10.3 Conjurations
 + Level 7.0 Summonings
 - Level 10.6 Earth Magic
 + Level 4.7 Alchemy
 - Level 8.0 Invocations


You had 2 spell levels left.
You knew the following spells:

 Your Spells              Type           Power      Damage    Failure   Level
a - Sandblast             Erth           100%       2d20      1%          1
b - Stone Arrow           Conj/Erth      100%       3d13      1%          3
c - Passwall              Erth           93%        N/A       1%          3
d - Petrify               Alch/Erth      81%        N/A       1%          4
e - Brom's Barrelling Bo  Conj/Erth      92%        2d10      1%          4
f - Iskenderun's Mystic   Conj/Tloc      52%        2d11      3%          4
g - Summon Lightning Spi  Summ/Air       42%        N/A       7%          4
h - Lee's Rapid Deconstr  Erth           46%        3d22*     1%          5
i - Olgreb's Toxic Radia  Alch           50%        N/A       4%          4
j - Irradiate             Conj/Alch      31%        3d22      3%          5

Your spell library contained the following spells:

 Spells                   Type           Power      Damage    Failure   Level
 Foxfire                  Conj/Fire      100%       2x1d9     1%          1
 Kiss of Death            Conj/Necr      100%       2d13      1%          1
 Magic Dart               Conj           100%       1d8       1%          1
 Summon Small Mammal      Summ           100%       N/A       1%          1
 Searing Ray              Conj           100%       2d8       1%          2
 Static Discharge         Conj/Air       100%       3-8/arc   1%          2
 Necrotise                Necr           80%        1d8       3%          1
 Ensorcelled Hibernation  Hex/Ice        40%        N/A       4%          2
 Call Canine Familiar     Summ           60%        N/A       1%          3
 Animate Armour           Summ/Erth      100%       N/A       1%          4
 Fulminant Prism          Conj/Alch      31%        3d15      1%          4
 Leda's Liquefaction      Alch/Erth      40%        N/A       1%          4
 Martyr's Knell           Necr/Summ      42%        N/A       7%          4
 Summon Blazeheart Golem  Fire/Summ      42%        N/A       7%          4
 Confusing Touch          Hex            20%        N/A       10%         3
 Fugue of the Fallen      Necr           20%        N/A       10%         3
 Gell's Gravitas          Tloc           20%        N/A       10%         3
 Inner Flame              Hex/Fire       20%        N/A       10%         3
 Teleport Other           Tloc           20%        N/A       10%         3
 Tukima's Dance           Hex            20%        N/A       10%         3
 Vampiric Draining        Necr           20%        2d7       10%         3
 Airstrike                Air            10%        2d(2-18)  30%         4
 Anguish                  Hex/Necr       10%        N/A       30%         4
 Animate Dead             Necr           20%        N/A       30%         4
 Dimensional Bullseye     Hex/Tloc       10%        N/A       30%         4
 Dispel Undead            Necr           20%        3d11      30%         4
 Starburst                Conj/Fire      26%        6d8       50%         6
 Eringya's Noxious Bog    Alch           25%        4d6       54%         6
 Spellforged Servitor     Conj/Summ      33%        N/A       58%         7
 Curse of Agony           Necr           20%        N/A       65%         5
 Monstrous Menagerie      Summ           30%        N/A       80%         7
 Lehudib's Crystal Spear  Conj/Erth      46%        10d11     95%         8
 Dispersal                Tloc           10%        N/A       99%         6
 Plasma Beam              Fire/Air       10%        2x1d21    99%         6
 Haunt                    Necr/Summ      21%        N/A       99%         7
 Ignition                 Fire           10%        3d5       100%        8
 Infestation              Necr           10%        N/A       100%        8
 Dragon's Call            Summ           30%        N/A       100%        9


Dungeon Overview and Level Annotations

Branches:
Dungeon (15/15)            Temple (1/1) D:5            Lair (5/5) D:8
 Shoals (0/4) Lair:3       Spider (0/4) Lair:3          Orc (2/2) D:11
    Elf (0/3) Orc:2        Vaults (0/5) D:14
  Slime: Lair:4-5    Depths: D:15

Altars:
Ashenzari
Cheibriados
Dithmenos
Elyvilon
Fedhas
Gozag
Hepliaklqana
Kikubaaqudgha
Makhleb
Nemelex Xobeh
Okawaru
Qazlal
Ru
Sif Muna
Trog
Uskayaw
Vehumet
Wu Jian
Xom
Yredelemnul
Zin
The Shining One
Jiyva

Shops:
D:4 *   D:7 *   D:10 !   D:14 *?*   Orc:2 (:=:

Annotations:
D:7 2 runed translucent doors
D:8 3 transporters
D:9 Amaemon
D:13 3 runed translucent doors, Sobieck's ghost, journeyman OnBe
D:15 Jorgrun
Lair:4 exclusion: 2 oklob plants
Lair:5 2 transporters, drcatpants2's ghost, journeyman OnBe


Innate Abilities, Weirdness & Mutations

You are too large for most types of armour.
You have a pair of small horns on your head.
You have tough skin. (AC +1)
You gain doubled healing and magic from potions.
Whenever you drink a healing potion, you attack all around you.


Message History

You hear a grinding noise.
Jorgrun casts a spell at you. You resist with some effort.
Jorgrun points at you and mumbles some strange words.
You are slowing down.
Your limbs are stiffening.
You hear a grinding noise.
You have turned to stone.
Jorgrun points at the rock wall and mumbles some strange words.
You hear a grinding noise.
The cyclops throws a large rock.
The large rock hits you!!
* * * LOW HITPOINT WARNING * * *
The cyclops throws a large rock.
The large rock hits you!
* * * LOW HITPOINT WARNING * * *
Jorgrun casts a spell at you. You resist with some effort.
Jorgrun hits you but does no damage. The ground beneath you fractures!!
* * * LOW HITPOINT WARNING * * *
Jorgrun hits you but does no damage. The ground beneath you fractures!
* * * LOW HITPOINT WARNING * * *
You turn to flesh and can move again.
The cyclops throws a large rock.
The large rock completely misses you.
There is a stone staircase leading down here.
Jorgrun hits you with a staff of earth.
* * * LOW HITPOINT WARNING * * *
The ground beneath you fractures.
* * * LOW HITPOINT WARNING * * *
You climb downwards.
There is a stone staircase leading up here.
Casting: Summon Lightning Spire (mildly dangerous; 7% risk of failure)
Confirm with . or Enter, or press ? or * to list all spells.
Okay, then.
As you read the scroll of teleportation, it crumbles to dust.
You feel strangely unstable. Jorgrun hits you but does no damage.
The ground beneath you fractures!
* * * LOW HITPOINT WARNING * * *
You feel yourself speed up.
Jorgrun points at you and mumbles some strange words.
The iron shot hits you!!
You die...

..# ..# ...# #
...#
#.######...###
#.............
##.............
.......@.......
..#.....g......
##....#######
.......
#........
#.........
#.........
#..........


You could see Jorgrun.

Vanquished Creatures
  Gastronok (D:10)
  Kirke (D:13)
  An orc warlord (Orc:2)
  Snorg (Orc:1)
  An ice dragon (Lair:5)
  Fannar (D:10)
  5 hydras
  A peacekeeper (D:14)
  2 catoblepae
  3 centaur warriors
  2 boulder beetles
  4 two-headed ogres
  A death yak (Lair:3)
  An orc high priest (Orc:2)
  A skyshark (Lair:5)
  Sonja (Orc:2)
  3 skeletal warriors (D:13)
  Lodul (D:11)
  An arcanist (D:10)
  A lindwurm (Lair:5)
  A deep elf pyromancer (D:14)
  7 orc knights
  4 cyclopes
  3 ugly things
  2 manticores
  3 orc sorcerers
  3 elephants (Lair:3)
  5 slime creatures (D:13)
  5 black mambas
  5 torpor snails (Lair:5)
  2 kobold blastminers
  7 cane toads
  A gargoyle (D:12)
  9 komodo dragons
  3 rime drakes
  A tengu conjurer (D:11)
  3 tyrant leeches (Lair:5)
  A hornet (shapeshifter) (D:13)
  A polar bear (Lair:4)
  7 trolls
  10 saltlings (Orc:2)
  6 hornets
  A nameless horror (Lair:4)
  A snapping turtle (Lair:3)
  17 blink frogs
  A culicivora (Lair:3)
  3 dream sheep
  A jumping spider (Lair:3)
  A water elemental (Lair:2)
  A spriggan (shapeshifter) (D:13)
  4 wraiths
  33 yaks
  4 basilisks
  A shadow (D:10)
  A hog (D:13)
  Grum (D:8)
  4 wyverns
  3 steam dragons
  2 redbacks (Lair:3)
  2 wargs
  9 vampire mosquitoes
  2 acid dragons
  10 water moccasins
  9 orc warriors
  A black bear (Lair:2)
  6 ice beasts
  15 wolves
  3 boggarts (D:14)
  10 ogres
  9 centaurs
  A phantom (D:6)
  A kobold brigand (D:11)
  7 bullfrogs
  A gnoll sergeant (D:11)
  2 scorpions
  9 wights
  An electric eel (Lair:2)
  9 howler monkeys
  A crimson imp (D:10)
  2 jellies
  4 orc priests
  3 bombardier beetles
  A gnoll bouda (Lair:3)
  3 hounds
  7 orc wizards
  A hell rat (Lair:4)
  A boggart simulacrum (D:14)
  5 gnolls (D:11)
  8 adders
  2 white imps
  2 ufetubi (D:7)
  2 dart slugs
  2 ribbon worms (D:3)
  32 orcs
  13 bats
  An endoplasm (D:1)
  3 giant cockroaches
  3 goblins
  5 hobgoblins
  A jackal (D:4)
  10 kobolds
  2 quokkas (D:3)
  7 ball pythons
  3 frilled lizards
  4 rats
436 creatures vanquished.

Vanquished Creatures (collateral kills)
  A hydra (Lair:5)
  Erolcha (Orc:1)
  A skeletal warrior (D:13)
  2 orc knights (Orc:2)
  A manticore (D:13)
  An ugly thing (D:13)
  2 rime drakes (Lair:4)
  A komodo dragon (Lair:5)
  A troll (Orc:2)
  3 blink frogs (Lair:4)
  A hornet (Lair:5)
  A tyrant leech (Lair:5)
  4 yaks
  2 wargs (Orc:2)
  5 orc warriors (Orc:2)
  A boggart (D:14)
  A bullfrog (Lair:4)
  3 hell rats (Lair:4)
  A ribbon worm (D:4)
  3 orcs (Orc:2)
  16 boulders
52 creatures vanquished.

Vanquished Creatures (others)
  A human (D:13)
  9 boulders
10 creatures vanquished.

Grand Total: 498 creatures vanquished

Notes
Turn   | Place    | Note
-------+----------+-------------------------------------------
     0 | D:1      | Strat the Oni Earth Elementalist began the quest for the
                  | Orb.
     0 | D:1      | Reached XP level 1. HP: 16/16 MP: 3/3
   343 | D:1      | Reached XP level 2. HP: 24/24 MP: 3/5
  1661 | D:3      | Found a faded altar of an unknown god.
  1711 | D:3      | Reached XP level 3. HP: 31/31 MP: 4/7
  1772 | D:3      | Found an opulent altar of Gozag.
  2306 | D:3      | Reached XP level 4. HP: 39/39 MP: 6/9
  2840 | D:3      | Learned a level 3 spell: Stone Arrow
  2844 | D:3      | Learned a level 3 spell: Passwall
  2907 | D:4      | Found Koxees's Serpentskin Sales.
  2907 | D:4      | Noticed a water moccasin
  2907 | D:4      | Noticed a water moccasin
  2918 | D:4      | Killed a water moccasin
  2919 | D:4      | Reached skill level 5 in Earth Magic
  2919 | D:4      | Reached XP level 5. HP: 45/45 MP: 5/11
  3085 | D:4      | Noticed an ogre
  3090 | D:4      | Killed an ogre
  3091 | D:4      | Reached skill level 1 in Fighting
  3091 | D:4      | Reached skill level 1 in Conjurations
  3091 | D:4      | Reached XP level 6. HP: 55/55 MP: 9/12
  3196 | D:4      | Killed a water moccasin
  3197 | D:4      | Reached skill level 2 in Fighting
  3288 | D:4      | Reached XP level 7. HP: 63/65 MP: 9/13
  3481 | D:4      | Found a snail-covered altar of Cheibriados.
  3695 | D:5      | Entered Level 5 of the Dungeon
  3695 | D:5      | Found a staircase to the Ecumenical Temple.
  3718 | Temple   | Entered the Ecumenical Temple
  3726 | Temple   | Became a worshipper of Sif Muna the Loreminder
  3777 | D:5      | Found a radiant altar of Vehumet.
  3780 | D:5      | Found a stormy altar of Qazlal.
  3853 | D:5      | Reached skill level 3 in Fighting
  3954 | D:5      | Found a glowing golden altar of the Shining One.
  4002 | D:5      | Found a transporter.
  4008 | D:5      | Found a transporter.
  4086 | D:5      | Reached skill level 4 in Fighting
  4213 | D:5      | Found a blossoming altar of Fedhas.
  4285 | D:5      | Identified the +2 trident of Diel {chaos, rN+}
  4285 | D:5      | Identified the +0 kite shield "Saclim" {rC+ Int+4}
  4830 | D:6      | Reached skill level 5 in Fighting
  4830 | D:6      | Reached XP level 8. HP: 80/80 MP: 11/14
  5092 | D:6      | Reached skill level 5 in Spellcasting
  5247 | D:6      | Reached skill level 6 in Fighting
  5495 | D:6      | Identified the +5 plate armour of Jonuileq {Slay+3}
  5505 | D:7      | Reached * piety under Sif Muna
  5607 | D:7      | Found a sacrificial altar of Ru.
  5909 | D:7      | Found a runed translucent door.
  5917 | D:7      | Found a runed translucent door.
  5966 | D:7      | Reached XP level 9. HP: 82/91 MP: 11/18
  6172 | D:7      | Found Paho's Assorted Antiques.
  6523 | D:8      | Reached skill level 7 in Fighting
  6593 | D:8      | Found a broken altar of Ashenzari.
  6644 | D:8      | Found a staircase to the Lair.
  6822 | D:8      | Found a transporter.
  6938 | D:8      | Found a transporter.
  7127 | D:8      | Noticed Grum
  7359 | D:8      | Killed Grum
  7449 | D:8      | Found a transporter.
  7493 | D:8      | Found a transporter.
  7591 | D:9      | Noticed an orange demon
  7591 | D:9      | Noticed Amaemon
  7657 | D:9      | Noticed a troll
  7663 | D:9      | Killed a troll
  7664 | D:9      | Reached skill level 8 in Fighting
  7664 | D:9      | Reached XP level 10. HP: 97/104 MP: 6/22
  8163 | D:9      | Reached ** piety under Sif Muna
  8737 | D:10     | Entered Level 10 of the Dungeon
  8737 | D:10     | Found Ecsozij's Distillery.
  8866 | D:10     | Bought a potion of heal wounds for 65 gold pieces
  8866 | D:10     | Bought a potion of curing for 39 gold pieces
  8866 | D:10     | Bought a potion of curing for 39 gold pieces
  8898 | D:10     | Noticed Gastronok
  8956 | D:10     | Noticed Fannar
  9237 | D:10     | Found a bloodstained altar of Trog.
  9457 | D:10     | Found a shadowy altar of Dithmenos.
  9567 | D:10     | Noticed a two-headed ogre
  9576 | D:10     | Killed a two-headed ogre
  9577 | D:10     | Reached skill level 10 in Earth Magic
  9644 | D:10     | Learned a level 4 spell: Petrify
  9649 | D:10     | Learned a level 4 spell: Brom's Barrelling Boulder
  9818 | D:10     | Reached skill level 9 in Fighting
  9818 | D:10     | Reached skill level 10 in Spellcasting
  9968 | D:10     | Noticed an arcanist
  9984 | D:10     | Killed an arcanist
  9985 | D:10     | Reached skill level 10 in Fighting
 10100 | D:10     | Noticed a centaur warrior
 10110 | D:10     | Killed a centaur warrior
 10111 | D:10     | Reached skill level 11 in Fighting
 10527 | D:11     | Reached XP level 11. HP: 122/122 MP: 15/25
 10581 | D:11     | Found a staircase to the Orcish Mines.
 10609 | D:11     | Reached skill level 1 in Invocations
 10732 | D:11     | Noticed Lodul
 10761 | D:11     | Noticed a green ugly thing
 10820 | D:10     | Reached skill level 1 in Armour
 10998 | D:10     | Killed Fannar
 10999 | D:10     | Reached skill level 12 in Fighting
 11260 | D:10     | Killed Gastronok
 11435 | D:11     | Noticed a cyclops
 11449 | D:11     | Killed a cyclops
 11671 | D:11     | Killed Lodul
 11839 | D:11     | Noticed a boulder beetle
 12268 | D:10     | Reached skill level 5 in Invocations
 12456 | D:11     | Noticed a cyclops
 12469 | D:11     | Killed a cyclops
 12470 | D:11     | Reached skill level 13 in Fighting
 12592 | D:11     | Learned a level 4 spell: Iskenderun's Mystic Blast
 12748 | D:11     | Killed a green ugly thing
 13313 | D:12     | Noticed a cyan ugly thing
 13331 | D:12     | Killed a cyan ugly thing
 13332 | D:12     | Reached XP level 12. HP: 136/136 MP: 16/26
 13478 | D:12     | Reached skill level 5 in Armour
 14401 | D:12     | Reached skill level 5 in Conjurations
 14487 | D:13     | Noticed a catoblepas
 14826 | D:13     | Reached *** piety under Sif Muna
 14906 | D:13     | Found a runed translucent gate.
 14908 | D:13     | Noticed Sobieck's ghost (journeyman OnBe)
 14921 | D:13     | Found a runed translucent gate.
 14924 | D:13     | Noticed Kirke
 14937 | D:13     | Noticed a boulder beetle
 15513 | Lair:1   | Entered Level 1 of the Lair of Beasts
 15991 | Lair:1   | Found a frozen archway.
 17847 | Lair:2   | Reached XP level 13. HP: 145/145 MP: 17/27
 18427 | Lair:3   | Reached skill level 14 in Fighting
 19008 | Lair:3   | Reached **** piety under Sif Muna
 19683 | Lair:3   | Learned a level 4 spell: Summon Lightning Spire
 20043 | Lair:3   | Reached skill level 1 in Summonings
 20468 | Lair:4   | Found a viscous altar of Jiyva.
 20827 | Lair:4   | Reached skill level 5 in Summonings
 21292 | Lair:4   | Reached skill level 15 in Fighting
 21516 | Lair:4   | You fall into a shaft and drop 1 floor!
 21516 | Lair:5   | Entered Level 5 of the Lair of Beasts
 21773 | Lair:5   | Found a transporter.
 21797 | Lair:5   | Found a transporter.
 22250 | Lair:3   | Reached XP level 14. HP: 159/159 MP: 22/28
 22312 | Lair:3   | Reached ***** piety under Sif Muna
 22570 | Lair:3   | Found a hole to the Spider Nest.
 22782 | Lair:3   | Found a staircase to the Shoals.
 23281 | Lair:4   | Reached skill level 16 in Fighting
 23890 | Lair:5   | Learned a level 5 spell: Lee's Rapid Deconstruction
 24064 | Lair:5   | Noticed a dire elephant
 24074 | Lair:5   | Noticed drcatpants2's ghost (journeyman OnBe)
 24770 | Lair:5   | Received a gift from Sif Muna
 26762 | Orc:1    | Entered Level 1 of the Orcish Mines
 26837 | Orc:1    | Noticed Snorg
 26864 | Orc:1    | Killed Snorg
 27059 | Orc:1    | Noticed Erolcha
 27068 | Orc:1    | Killed Erolcha
 27383 | D:11     | Reached skill level 17 in Fighting
 27822 | Orc:2    | Entered Level 2 of the Orcish Mines
 28366 | Orc:2    | Found a staircase to the Elven Halls.
 29031 | Orc:2    | Received a gift from Sif Muna
 29032 | Orc:2    | Got Sif Muna's Almanac of Phantasmal Degeneration {god
                  | gift}
 29267 | Orc:2    | Learned a level 4 spell: Olgreb's Toxic Radiance
 29477 | Orc:2    | Reached skill level 1 in Alchemy
 29838 | Orc:2    | Reached skill level 10 in Conjurations
 29999 | Orc:2    | Noticed an orc warlord
 30238 | Orc:2    | Noticed Sonja
 30252 | Orc:2    | Killed Sonja
 30485 | Orc:2    | Reached XP level 15. HP: 117/174 MP: 2/31
 30670 | Orc:2    | Killed an orc warlord
 30852 | Orc:2    | Found Intaufraa's Book Boutique.
 30870 | Orc:2    | Found Bathalu's Book Shoppe.
 30872 | Orc:2    | Found Ungin's Jewellery Shoppe.
 31015 | Orc:2    | Found Jesid's Antique Weapon Shoppe.
 31041 | Orc:2    | Bought a +5 ring of evasion for 504 gold pieces
 31068 | Orc:2    | Bought a book of Spontaneous Combustion for 494 gold pieces
 31074 | Orc:2    | Learned a level 5 spell: Irradiate
 32528 | D:13     | Identified the +0 chain mail "Nentuxang" {rF+}
 32532 | D:13     | Found a runed translucent gate.
 32534 | D:13     | Identified the +7 plate armour of Cowardice {rN+}
 32679 | D:13     | Found a white marble altar of Elyvilon.
 32872 | D:13     | Killed Kirke
 33492 | D:14     | Found Quc Dich's Assorted Antiques.
 33630 | D:14     | Found Kyoc's Magic Scroll Shoppe.
 33634 | D:14     | Found Ilus's Assorted Antiques.
 33836 | D:14     | Bought a scroll of teleportation for 36 gold pieces
 33836 | D:14     | Bought a scroll of teleportation for 36 gold pieces
 33836 | D:14     | Bought a scroll of teleportation for 36 gold pieces
 33846 | D:14     | Identified the ring of Wugid {rC+ Int+7}
 33973 | D:14     | Found a hide-covered altar of Uskayaw.
 33996 | D:14     | Found a gate to the Vaults.
 34110 | D:14     | Found an iron altar of Okawaru.
 34178 | D:14     | Noticed Jorgrun
 34213 | D:15     | Entered Level 15 of the Dungeon
 34215 | D:15     | Killed from afar by Jorgrun

Illustrated notes

Levels and vault maps discovered:
D:1:      heliophobic_arrival_henge, layout_basic
D:2:      layout_loops_ring, nicolae_concentric_dashed_squares_wild
D:3:      layout_rooms, mainiacjoe_overflow_brackets, basic_ecumenical_altar,
          minmay_puff
D:4:      layout_cave_pools, kennysheep_little_box,
          serial_library_hellmonk_hallway_b, guppyfry_shop_venom
D:5:      layout_cave_pools, fedhas_ov_isle_minmay,
          nicolae_tso_carved_into_rock, nicolae_overflow_squiral,
          minmay_temple_entry_statues_pillars, gammafunk_ghost_gnarly_gnolls,
          chequers_jeans, dreamdust_princess_bridge
D:6:      layout_cave_pools
D:7:      lemuel_insect_pit, layout_basic, nicolae_ru_great_annihilating_truth,
          serial_shops, shop, minmay_holes
D:8:      layout_loops_ring, kennysheep_mini, lair_entry_dummy,
          serial_bayou_pond_a, nicolae_transporter_intersection, uniq_grum
D:9:      layout_cave_pods, serial_park_tiny_1, uniq_amaemon
D:10:     layout_cave_pods, mainiacjoe_overflow_chevrons, lemuel_round_altar,
          serial_shops, nicolae_shop_tiny_waterfront, lightli_wizard_tower,
          uniq_fannar, uniq_gastronok
D:11:     layout_roguey, orc_0_dummy, uniq_lodul
D:12:     layout_roguey, nrook_mini_vaults
D:13:     layout_basic, biasface_ghost_orc_armoury, elyvilon_altar_1, uniq_kirke
D:14:     giant_chief_lemuel, layout_small_grid,
          hellmonk_vaults_order_and_chaos, okawaru_trees_1, serial_shops, shop,
          shop, nicolae_shop_trees, eat_drink_and_be_merry_uskayaw, uniq_jorgrun
D:15:     hangedman_depths_entry_try_elsewhere_first, layout_grid_maze,
          nemelex_spade_bored_becter, maelrawn_ghost_gauntlet_escape,
          uniq_azrael, uniq_josephine
Temple:   hellmonk_temple_forest_ring
Lair:1:   layout_misc_corridors, portal_ice_cave_entry_pillars_2,
          roderic_batcave, chequers_serial_rivers_small_3
Lair:2:   layout_regular_city, infiniplex_staircase_pool
Lair:3:   layout_layer_cave, minmay_shoals_entry_hut,
          spider_nest_entry_funnel_web, st_stairs_5, dreamdust_gnoll_shepherd,
          grunt_megastairs_4
Lair:4:   layout_roguey, minmay_slime_entry_oklob_enclosed
Lair:5:   wormcave, layout_gridlike, gammafunk_ghost_berserking_beasts
Orc:1:    layout_caves, uniq_erolcha, uniq_snorg
Orc:2:    hellmonk_orc_salted, layout_diamond_mine, mines2_lemuel, uniq_sonja

Skill      XL: |  1  2  3  4  5  6  7  8  9 10 11 12 13 14 15 |
---------------+----------------------------------------------+-----
Earth Magic    | 3 5 7 8 9 10 | 10.6
Spellcasting   | 3 4 6 8 10 12 | 12.6
Fighting       | 1 2 5 6 8 11 13 15 17 | 17.3
Conjurations   | 1 2 3 8 9 10 | 10.3
Invocations    | 6 8 |  8.0
Armour         | 4 5 7 |  7.0
Summonings     | 5 7 |  7.0
Alchemy        | 2 4 |  4.7
Dodging        | |  1.7
Stealth        | |  1.4

Action                     |  1- 3 |  4- 6 |  7- 9 | 10-12 | 13-15 || total
---------------------------+-------+-------+-------+-------+-------++-------
  Melee: Trident           |     1 |     3 |       |       |       ||     4
         Headbutt          |     1 |       |       |     9 |    12 ||    22
         Spear             |     1 |       |       |       |       ||     1
         Staff             |       |     1 |     2 |     1 |     4 ||     8
         Halberd           |       |       |       |    29 |    27 ||    56
   Cast: Sandblast         |    52 |    37 |   114 |    48 |    99 ||   350
         Stone Arrow       |       |     1 |    12 |   192 |   405 ||   610
         Brom's Barrelling |       |       |       |    25 |     6 ||    31
         Petrify           |       |       |       |    11 |       ||    11
         Iskenderun's Myst |       |       |       |    19 |    20 ||    39
         Summon Lightning  |       |       |       |       |   100 ||   100
         Olgreb's Toxic Ra |       |       |       |       |    13 ||    13
  Evoke: Wand              |       |       |       |     5 |     7 ||    12
         Sack of spiders   |       |       |       |       |     1 ||     1
    Use: Scroll            |       |     4 |    12 |     7 |    13 ||    36
         Potion            |       |     2 |     2 |     4 |    12 ||    20
   Stab: Sleeping          |       |     1 |       |       |       ||     1
         Distracted        |       |       |       |       |     2 ||     2
 Armour: Robe              |    13 |    38 |    15 |       |       ||    66
         Acid dragon scale |       |       |    50 |   264 |   464 ||   778
  Dodge: Dodged            |    12 |    22 |    30 |    87 |   198 ||   349
